 Dungeon Sprint DCSS version 0.30-a0-1112-gfb780f5df6 (webtiles) character file.

Game seed: 5045452541223185100

3 sircluck the Trooper (level 1, -6/19 HPs)
             Began as a Demonspawn Berserker on Apr 19, 2023.
             Was a Believer of Trog.
             Mangled by a human (7 damage)
             ... in the Dungeon (Sprint III: "The Ten Rune Challenge").
             The game lasted 00:00:11 (65 turns).

sircluck the Trooper (Demonspawn Berserker)           Turns: 65, Time: 00:00:11

Health: -6/19      AC:  2    Str: 17    XL:     1   Next: 41%
Magic:  1/1        EV: 12    Int:  8    God:    Trog [**....]
Gold:   0          SH:  0    Dex: 12    Spells: 0/0 levels left

rFire   . . .      SeeInvis .    a - +0 mace
rCold   . . .      Faith    .    (no shield)
rNeg    . . .      Spirit   .    b - +0 animal skin
rPois   .          Reflect  .    (no helmet)
rElec   .          Rampage  .    (no cloak)
rCorr   .          NoTele   +    (no gloves)
Will    .....                    (no boots)
Stlth   +                        (no amulet)
HPRegen 0.23/turn                (no ring)
MPRegen 0.07/turn                (no ring)

@: no status effects
A: no striking features
a: Renounce Religion, Berserk, Trog's Hand


You were in the Dungeon.
You worshipped Trog.
Trog was pleased with you.
You visited 1 branch

Inventory:

Hand Weapons
 a - a +0 mace (weapon)
Armour
 b - a +0 animal skin (worn)
Scrolls
 h - 2 scrolls of blinking
Potions
 c - a potion of curing
 d - a potion of heal wounds
 e - a potion of haste
 f - 2 potions of magic
 g - a potion of berserk rage


   Skills:
 + Level 3.7 Fighting
 + Level 2.9 Maces & Flails
 + Level 1.8 Armour
 + Level 2.1 Dodging


You couldn't memorise any spells.
You didn't know any spells.
Your spell library was empty.

Dungeon Overview and Level Annotations

Branches:
Dungeon (1/1)

Altars:

Annotations:
D Crazy Yiuf


Message History

The rat bites you.
You hit the rat but do no damage. Your punch misses the rat.
The rat closely misses you.
You hit the rat but do no damage. The rat bites you.
You sock the rat!
You kill the rat!
Trog accepts your kill.
No target in view!
No target in view!
No target in view!
No target in view!
No target in view!
No target in view!
No target in view!
You see here a rat corpse.
A human comes into view.
The human shouts!
A human is nearby!
A human is nearby!
A human is nearby!
A human is nearby!
Crazy Yiuf the Enlightened comes into view.
He is wielding a +2 quarterstaff of chaos, wearing a +2 cloak of stealth and carrying a wand of flame (17).
Crazy Yiuf misses you.
You hit Crazy Yiuf but do no damage. The human hits you but does no damage.
Crazy Yiuf barely misses you.
You hit Crazy Yiuf.
Crazy Yiuf is lightly wounded.
The human closely misses you.
Crazy Yiuf hits you with a +2 quarterstaff of chaos!
Ouch! That really hurt!
You barely miss Crazy Yiuf.
Crazy Yiuf is lightly wounded.
The human hits you.
* * * LOW HITPOINT WARNING * * *
Crazy Yiuf barely misses you.
You hit Crazy Yiuf.
Crazy Yiuf is lightly wounded.
The human misses you.
Crazy Yiuf zaps a wand.
The puff of flame misses you. The human hits you!
You die...

▓...#......##
▓..##.......# ..#
▓##.##.##...# ..#
##.##.###..# #..#
▓#.####.##..# ...+
▓.###..##.†## #...#
▓#.....##..###....#
###..##...##p....#
##..##....#.@g...#
#..###..##.#.....#
#[.# #.. ####....#
▓▓▓▓ ▓▓▓ ▓▓▓▓▓


You could see a human and Crazy Yiuf.

Vanquished Creatures
  An endoplasm (D)
  3 rats (D)
4 creatures vanquished.

Notes
Turn   | Place    | Note
-------+----------+-------------------------------------------
     0 | D        | sircluck the Demonspawn Berserker began the quest for the
                  | Orb.
     0 | D        | Reached XP level 1. HP: 18/18 MP: 1/1
    30 | D        | Reached ** piety under Trog
    60 | D        | Noticed Crazy Yiuf
    65 | D        | Mangled by a human

Illustrated notes

Levels and vault maps discovered:
D:        dungeon_sprint_mu [sprint_mu_entry_cave, sprint_mu_temple_rooms,
          sprint_mu_d1_spiders, sprint_mu_d2_genie, sprint_mu_d3_branching,
          sprint_mu_orc_legion, sprint_mu_elf_gauntlet, sprint_mu_hive_nellie,
          sprint_mu_lair_fedhas, sprint_mu_vaults_butterflies,
          sprint_mu_slime_circle, sprint_mu_swamp_cave, sprint_mu_shoals_archi,
          sprint_mu_blade_basic, sprint_mu_crypt_fortress,
          sprint_mu_tomb_spiral, sprint_mu_vestibule_basic,
          sprint_mu_gehenna_hellfire, sprint_mu_dis_giant,
          sprint_mu_tartarus_statrot, sprint_mu_cocytus_islands, sprint_mu_zot1]

Skill      XL: |  1 |
---------------+----+-----
Dodging        | 2 |  2.1
Fighting       | |  3.7
Maces & Flails | |  2.9
Armour         | |  1.8

Action                     || total
---------------------------++-------
  Melee: Mace              ||    12
   Stab: Sleeping          ||     1
 Armour: Animal skin       ||     1
  Dodge: Dodged            ||    11

Table legend: (Time is in decaauts)
 A = Elapsed time spent in this place.
 B = Non-inter-level travel time spent in this place.
 C = Inter-level travel time spent in this place.
 D = Time resting spent in this place.
 E = Time spent auto-exploring this place.
 F = Levels seen in this place.
 G = Mean time per level.
                   A        B        C        D        E       F      G
               +--------+--------+--------+--------+--------+-----+--------+
         Total |     67 |     67 |      0 |      0 |     40 |   1 |   67.0 |
       Dungeon |     67 |     67 |      0 |      0 |     40 |   1 |   67.0 |
               +--------+--------+--------+--------+--------+-----+--------+

Top non-repeatable levels by time:
       D: 67 daAuts
